 Dungeon Crawl Stone Soup version 0.28.0-43-g3370ac3207 (webtiles) character file.

Game seed: 18026306933417763269

30 Ablot the Grasshopper (level 3, -1/31 HPs)
             Began as a Gnoll Warper on Mar 22, 2022.
             Frozen to death by an endoplasm (2 damage)
             ... on level 2 of the Dungeon.
             The game lasted 00:01:12 (857 turns).

Ablot the Grasshopper (Gnoll Warper)                 Turns: 857, Time: 00:01:13

Health: -1/31      AC:  3    Str: 12    XL:     3   Next: 18%
Magic:  7/9        EV: 12    Int: 12    God:
Gold:   30         SH:  0    Dex: 11    Spells: 10/12 levels left

rFire   . . .      SeeInvis .   a - +0 spear
rCold   . . .      Faith    .   (no shield)
rNeg    . . .      Spirit   .   b - +0 leather armour
rPois   .          Reflect  .   (no helmet)
rElec   .          Harm     .   (no cloak)
rCorr   .          Rampage  .   (no gloves)
Will    .....                   (no boots)
Stlth   +.........              (no amulet)
HPRegen 0.10/turn               (no ring)
MPRegen 0.11/turn               (no ring)

@: on blink cooldown
A: fangs 1, strong nose, distributed training
a: no special abilities


You were on level 2 of the Dungeon.
You visited 1 branch of the dungeon, and saw 2 of its levels.

You collected 30 gold pieces.

Inventory:

Hand Weapons
 a - a +0 spear (weapon)
Missiles
 d - 5 boomerangs of dispersal
 g - 10 bolts
 h - 30 stones (quivered)
 j - 4 poisoned darts
Armour
 b - a +0 leather armour (worn)
Scrolls
 c - a scroll of blinking
 f - 2 scrolls of identify {unknown}
 i - 2 scrolls of noise {unknown}
Potions
 e - a potion of curing {unknown}
 k - a potion of mutation {unknown}


   Skills:
 + Level 4.5 Fighting
 + Level 0.6 Short Blades
 + Level 0.6 Long Blades
 + Level 0.6 Axes
 + Level 0.6 Maces & Flails
 + Level 4.5 Polearms
 + Level 0.6 Staves
 + Level 0.6 Slings
 + Level 0.6 Bows
 + Level 0.6 Crossbows
 + Level 2.5 Throwing
 + Level 2.5 Armour
 + Level 4.5 Dodging
 + Level 0.6 Stealth
 + Level 0.6 Shields
 + Level 0.6 Unarmed Combat
 + Level 5.0 Spellcasting
 + Level 0.4 Conjurations
 + Level 0.4 Hexes
 + Level 0.4 Summonings
 + Level 0.4 Necromancy
 + Level 5.4 Translocations
 + Level 0.4 Transmutations
 + Level 0.4 Fire Magic
 + Level 0.4 Ice Magic
 + Level 0.4 Air Magic
 + Level 0.4 Earth Magic
 + Level 0.4 Poison Magic
 + Level 0.8 Invocations
 + Level 0.6 Evocations


You had 10 spell levels left.
You knew the following spells:

 Your Spells              Type           Power      Damage    Failure   Level
a - Blink                 Tloc           30%        N/A       4%          2

Your spell library contained the following spells:

 Spells                   Type           Power      Damage    Failure   Level
 Gell's Gravitas          Tloc           15%        N/A       9%          3
 Lesser Beckoning         Tloc           15%        N/A       9%          3
 Teleport Other           Tloc           15%        N/A       9%          3
 Manifold Assault         Tloc           15%        N/A       61%         5


Dungeon Overview and Level Annotations

Branches:
Dungeon (2/15)

Altars:

Shops:
D:1 =


Innate Abilities, Weirdness & Mutations

You have very sharp teeth.
Your uncanny sense of smell can sniff out nearby items.
Your experience applies equally to all skills.


Message History

The adder barely misses you.
You hit the adder but do no damage. You bite the adder, but do no damage.
The adder is almost dead.
The adder misses you.
You miss the adder.
The adder is almost dead.
The adder completely misses you.
Unknown command.
Okay, then.
Casting: Blink (safe; 4% risk of failure)
Confirm with . or Enter, or press ? or * to list all spells.
You blink.
An endoplasm comes into view.
Found a short sword.
Unknown command.
Throw: 5 darts (poison)
Press: ? - help, Q - select action, (/) - cycle Shift-Dir - straight line, f - endoplasm
Aim: an endoplasm (asleep, 98% to hit)
You throw a poisoned dart. The poisoned dart hits the endoplasm.
The endoplasm quivers.
Unknown command.
Throw: 31 stones
Press: ? - help, Q - select action, (/) - cycle Shift-Dir - straight line, f - adder, p - endoplasm
Aim: an adder (almost dead, 40% to hit)
You throw a stone. The stone barely misses the adder.
Unknown command.
Reach: a) +0 spear
Press: ? - help, Dir - move target, f/p - adder
Aim: an adder (almost dead, about 54% to evade your +0 spear)
You reach to attack!
You hit the adder but do no damage.
The adder is almost dead.
Unknown command.
Reach: a) +0 spear
Press: ? - help, Dir - move target, f/p - adder
Aim: an adder (almost dead, about 54% to evade your +0 spear)
You hit the adder.
You kill the adder!
The endoplasm freezes you.
You are frozen.
You die...

# #....)<.>
#.#####.#
####.###B
#..<....# #.
####.##.....
.. #.# ###
### #(#
########.##
...().....#
#..J@#.
#.#....#
∆#......#
....####
.#..##
..#..# #.
#..# #. #..#


You could see an endoplasm.

Vanquished Creatures
  2 adders (D:2)
  3 endoplasms (D:1)
  3 giant cockroaches (D:1)
  3 goblins (D:1)
  A hobgoblin (D:1)
  2 quokkas (D:1)
  2 bats (D:1)
  3 kobolds
  A rat (D:1)
20 creatures vanquished.

Notes
Turn   | Place    | Note
-------+----------+-------------------------------------------
     0 | D:1      | Ablot the Gnoll Warper began the quest for the Orb.
     0 | D:1      | Reached XP level 1. HP: 20/20 MP: 6/6
    56 | D:1      | Found Vustem's Jewellery Shop.
   119 | D:1      | Reached XP level 2. HP: 20/26 MP: 7/7
   122 | D:1      | Learned a level 2 spell: Blink
   787 | D:2      | Reached skill level 5 in Spellcasting
   787 | D:2      | Reached XP level 3. HP: 31/31 MP: 7/9
   850 | D:2      | HP: 1/31 [poisoned by an adder]
   857 | D:2      | Frozen to death by an endoplasm

Illustrated notes

Levels and vault maps discovered:
D:1:      wheals_arrival_linesprint, layout_rooms, serial_shops,
          nicolae_diamond_shop, serial_corexii_hall,
          chequers_hall_statues_wall_a, corexii_hall_statues_x,
          corexii_hall_statues_t
D:2:      layout_loops_ring, basic_altar, serial_shops, nicolae_diamond_shop,
          basic_ecumenical_altar, chequers_serial_rivers_micro_a

Skill      XL: |  1  2 |
---------------+-------+-----
Spellcasting   | 5 |  5.0
Fighting       | |  4.5
Short Blades   | |  0.6
Long Blades    | |  0.6
Axes           | |  0.6
Maces & Flails | |  0.6
Polearms       | |  4.5
Staves         | |  0.6
Slings         | |  0.6
Bows           | |  0.6
Crossbows      | |  0.6
Throwing       | |  2.5
Armour         | |  2.5
Dodging        | |  4.5
Stealth        | |  0.6
Shields        | |  0.6
Unarmed Combat | |  0.6
Conjurations   | |  0.4
Hexes          | |  0.4
Summonings     | |  0.4
Necromancy     | |  0.4
Translocations | |  5.4
Transmutations | |  0.4
Fire Magic     | |  0.4
Ice Magic      | |  0.4
Air Magic      | |  0.4
Earth Magic    | |  0.4
Poison Magic   | |  0.4
Invocations    | |  0.8
Evocations     | |  0.6

Action                   || total
-------------------------++-------
Melee: Spear             ||    81
       Bite              ||     5
Throw: Dart              ||     1
       Stone             ||     1
 Cast: Blink             ||     1
 Stab: Sleeping          ||     1
Armor: Leather armour    ||    12
Dodge: Dodged            ||    44
